 Dungeon Crawl Stone Soup version 0.24.0-1-gfbc8707122 (webtiles) character file.

Game seed: 6525581633261100647, levelgen mode: deterministic

1262542 mopl the Executioner (level 27, -3/269 HPs)
             Began as a Minotaur Berserker on Oct 27, 2019.
             Was the Champion of Trog.
             Killed by divine providence
             ... invoked by a greater mummy
              (5 damage)
             ... on level 3 of the Tomb of the Ancients on Oct 28, 2019.
             The game lasted 04:31:16 (97727 turns).

mopl the Executioner (Minotaur Berserker)          Turns: 97727, Time: 04:31:17

Health: -3/269     AC: 41    Str: 25 (29) XL:     27
Magic:  0/12       EV: 23    Int:  2      God:    Trog [******]
Gold:   8061       SH:  0    Dex: 23 (25) Spells: 26/26 levels left

rFire    + + .     SeeInvis .   a - +9 executioner's axe (antimagic)
rCold    + + +     Gourm    .   (shield currently unavailable)
rNeg     + + .     Faith    +   Z - +11 gold dragon scales
rPois    +         Spirit   +   F - +2 hat of the Bear Spirit {Spirit, +Rage rN+ MR++}
rElec    +         Reflect  .   G - scarf {rC+ rF+}
rCorr    .         Harm     .   t - +2 pair of gloves "Weeguk" {rElec rF- Regen+ Str+2}
MR       +++..                  o - +2 pair of boots {Fly}
Stlth    ..........             U - amulet of faith
HPRegen  1.94/turn              P - ring "Biac" {rF+ rC++ Str+3 Dex+4, =R}
MPRegen  0.13/turn              C - ring "Cusk" {+Blink rPois rN+ MR- Int-2 Slay+4}

@: confused, about to teleport, vulnerable, flying, very slightly contaminated,
regenerating, slowed, lightly drained, very slow
A: retaliatory headbutt, horns 2, deformed body, magic resistance 1, mutation
resistance 1
}: 14/15 runes: decaying, serpentine, slimy, silver, iron, obsidian, icy, bone,
abyssal, demonic, glowing, magical, fiery, dark
a: Berserk, Trog's Hand, Brothers in Arms, Renounce Religion, Evoke Blink, Evoke
Berserk Rage, Stop Flying


You were on level 3 of the Tomb of the Ancients.
You worshipped Trog.
Trog was exalted by your worship.
You were hungry.

You visited 17 branches of the dungeon, and saw 89 of its levels.
You visited Pandemonium 1 time, and saw 13 of its levels.
You visited the Abyss 3 times.
You also visited: Trove, Sewer, Ice Cave and Wizlab.

You collected 12934 gold pieces.
You spent 4873 gold pieces at shops.

Inventory:

Hand Weapons
 a - a +9 antimagic executioner's axe (weapon)
 b - the +7 lajatang of Order {silver, rMut}
   (You found it on level 3 of the Depths)

   It protects you from mutation.
 E - the +9 lajatang of the Blessed Realm {slice, rF+ Int+6 Stlth-}
   (You found it on level 3 of the Lair of Beasts)

   It inflicts extra damage upon your enemies.
   It affects your intelligence (+6).
   It protects you from fire.
   It makes you less stealthy.
 K - a +7 vampiric battleaxe
Missiles
 j - 99 boomerangs
 k - 39 atropa-tipped darts
 u - 48 silver javelins (quivered)
 B - 120 javelins
 Q - 14 boomerangs of dispersal
Armour
 o - a +2 pair of boots of flying (worn)
 t - the +2 pair of gloves "Weeguk" (worn) {rElec rF- Regen+ Str+2}
   (You bought it in a shop on level 3 of the Vaults)

   It affects your strength (+2).
   It makes you vulnerable to fire.
   It insulates you from electricity.
   It increases your rate of regeneration.
 F - the +2 hat of the Bear Spirit (worn) {Spirit, +Rage rN+ MR++}
   (You found it on level 5 of the Vaults)

   It protects you from negative energy.
   It affects your resistance to hostile enchantments.
   It lets you go berserk.
 G - a scarf of resistance (worn)
 Z - +11 gold dragon scales (worn)
Jewellery
 m - an uncursed ring of see invisible
 z - a +5 ring of slaying
 C - the ring "Cusk" (right hand) {+Blink rPois rN+ MR- Int-2 Slay+4}
   (You found it in a treasure trove)

   [ring of positive energy]

   It affects your intelligence (-2).
   It affects your accuracy and damage with ranged weapons and melee attacks
   (+4).
   It protects you from poison.
   It protects you from negative energy.
   It affects your resistance to hostile enchantments.
   It lets you blink.
 P - the ring "Biac" (left hand) {rF+ rC++ Str+3 Dex+4, =R}
   (You found it on level 6 of the Lair of Beasts)

   [ring of dexterity]

   It affects your strength (+3).
   It affects your dexterity (+4).
   It protects you from fire.
   It greatly protects you from cold.
 U - an amulet of faith (around neck)
Wands
 w - a wand of paralysis (39)
 I - a wand of digging (29)
 R - a wand of enslavement (28)
 V - a wand of clouds (10)
 W - a wand of acid (40)
 X - a wand of iceblast (48)
Scrolls
 d - 5 scrolls of summoning
 f - 5 scrolls of identify
 h - 25 scrolls of teleportation
 i - 38 scrolls of remove curse
 A - 9 scrolls of fog
 D - 3 scrolls of magic mapping
 J - 17 scrolls of fear
 S - 8 scrolls of silence
 Y - 8 scrolls of vulnerability
Potions
 g - 6 potions of agility
 n - 4 potions of invisibility
 q - 16 potions of curing
 r - 3 potions of haste
 x - 8 potions of cancellation
 N - 3 potions of resistance
 T - 10 potions of might
Miscellaneous
 s - a phial of floods
 v - a lamp of fire
 y - 5 phantom mirrors
 H - 3 sacks of spiders
 M - a fan of gales
 O - a lightning rod (4/4)
Comestibles
 c - 41 rations


   Skills:
 - Level 26.0(25.5) Fighting
 - Level 26.2(25.7) Axes
 * Level 25.6(25.1) Staves
 + Level 24.0(23.6) Throwing
 - Level 26.0(25.5) Armour
 + Level 24.6(24.1) Dodging
 + Level 18.3(17.9) Stealth
 + Level 21.3(20.9) Evocations


You had 26 spell levels left.
You didn't know any spells.
Your spell library contained the following spells:

 Spells                   Type           Power        Failure   Level  Hunger
 Animate Skeleton         Necr           N/A          99%         1    ##.....
 Pain                     Necr           #...         99%         1    ##.....
 Ignite Poison            Fire/Tmut/Pois #.......     100%        3    ####...
 Regeneration             Chrm/Necr      #.........   100%        3    ####...
 Vampiric Draining        Necr           #.........   100%        3    ####...
 Animate Dead             Necr           N/A          100%        4    #####..
 Cause Fear               Hex            #.........   100%        4    #####..
 Fireball                 Conj/Fire      #.........   100%        5    ######.
 Silence                  Hex/Air        #.........   100%        5    ######.
 Yara's Violent Unravell  Hex/Tmut       #.........   100%        5    ######.
 Bolt of Fire             Conj/Fire      #.........   100%        6    #######
 Deflect Missiles         Chrm/Air       #.........   100%        6    #######
 Ring of Flames           Chrm/Fire      #.........   100%        7    #######
 Discord                  Hex            #.........   100%        8    #######
 Ignition                 Fire           #.........   100%        8    #######


Dungeon Overview and Level Annotations

Branches:
Dungeon (15/15)            Temple (0/1) D:5            Lair (6/6) D:10
  Swamp (4/4) Lair:2        Snake (4/4) Lair:3        Slime (5/5) Lair:6
    Orc (2/2) D:9             Elf (3/3) Orc:2        Vaults (5/5) D:14
  Crypt (3/3) Vaults:2       Tomb (3/3) Crypt:3      Depths (5/5) D:15
   Hell (visited)             Dis (7/7) Hell            Geh (7/7) Hell
    Coc (7/7) Hell            Tar (7/7) Hell            Zot (5/5) Depths:5
  Sewer (visited)           IceCv (visited)          WizLab (visited)

Altars:
Ashenzari
Cheibriados
Kikubaaqudgha
Makhleb
Okawaru
Trog
Wu Jian
Yredelemnul
Zin
Beogh
Jiyva

Shops:
D:4 (?*   D:7 *=[   D:13 [   Orc:2 ([*=   Elf:3 ?   Snake:4 %=%?   Vaults:2 :
Vaults:3 =*   Vaults:4 =   Depths:2 ==}

Portals:
Hell: Depths:1 Depths:2 Depths:3 Depths:4 Depths:5
Abyss: Depths:4
Pandemonium: Depths:3 Depths:5
Ziggurat: Depths:2

Annotations:
Vaults:4 HW
Depths:3 mut
Zot:1 box


Innate Abilities, Weirdness & Mutations

You reflexively headbutt those who attack you in melee.
You have a pair of horns on your head.
Armour fits poorly on your strangely shaped body.
You are resistant to hostile enchantments. (MR+)
You are somewhat resistant to further mutation.


Message History

The hungry ghost misses you.
You are confused.
You feel invigorated.
You are engulfed in dark miasma.
* * * LOW HITPOINT WARNING * * *
The greater mummy gestures wildly while chanting.
The greater mummy completely misses you.
The greater mummy calls on the powers of darkness!
The mana viper convulses!
The emperor scorpion convulses!
Your body is wracked with pain!
* * * LOW HITPOINT WARNING * * *
The flayed ghost cries, "Suffer as I suffered!"
The guardian mummy barely misses you. The phantasmal warrior hits you!
* * * LOW HITPOINT WARNING * * *
Your magical defenses are stripped away!
The guardian mummy closely misses you.
The ushabti shakes and rattles deafeningly! x2
The hungry ghost completely misses you.
The greater mummy points at you and mumbles some strange words.
Something smites you!
You die...

#..... ..^... #......
......# ......# ..
##8z....# .Z. #WWW....#
.M.. #@MWz...##M..% #
#MM8M..##8..8. .#
MMS8..##°.○☼.. ..##
4MszW.##.○M..# ...######
ZM######.....#
8☼8.(...########○M.Z(..=.##
.Ms8M†.8....Msss○s8.....##
#s○8°○.s....sMs8sM4^...##
#.○†3......M4..M8...†..#


You could see 3 greater mummies, an emperor scorpion, a flayed ghost, a
phantasmal warrior, a mana viper, a hellwing, 2 guardian mummies, 3 ushabtiu, a
freezing wraith, 2 hungry ghosts, 2 flying skulls, 3 mummies, a wight and a
stone giant skeleton.

Vanquished Creatures
  Cerebov (Pan)
  Antaeus (Coc:7)
  Asmodeus (Geh:7)
  the Royal Jelly (Slime:5)
  Ereshkigal (Tar:7)
  Gloorx Vloq (Pan)
  Mnoleg (Pan)
  Lom Lobon (Pan)
  12 ancient liches
  Dispater (Dis:7)
  7 orbs of fire
  Mennas (Depths:4)
  Mara (Vaults:4)
  A juggernaut (Depths:2)
  4 greater mummies
  Boris (twice) (Crypt:2 Crypt:3)
  Margery (Crypt:2)
  3 shard shrikes
  Saint Roka (Crypt:1)
  3 Killer Klowns (Zot:5)
  Vashnia (Snake:4)
  The ghost of Bunoc the Executioner, a veteran FoFi of Dithmenos (Crypt:1)
  3 curse toes
  Geryon (Hell)
  The ghost of crisisinutopia the Impregnable, an adept MiFi of Okawaru (Vaults:4)
  16 golden dragons
  6 bone dragons
  2 doom hounds
  4 Tzitzimimeh (Tar:7)
  A hellephant (Abyss:3)
  5 iron giants
  3 electric golems
  12 Brimstone Fiends
  14 tentacled monstrosities
  9 Ice Fiends
  4 pandemonium lords (Pan)
  9 quicksilver dragons
  10 Hell Sentinels
  3 titans
  13 liches
  25 Orb Guardians
  3 deep elf blademasters
  Asterion (Snake:1)
  3 deep elf master archers
  23 acid blobs
  A quicksilver dragon (shapeshifter) (Depths:3)
  Murray (Hell)
  8 death cobs
  9 ancient champions
  28 Executioners
  6 tentacled starspawn
  8 sphinxes
  22 storm dragons
  2 thorn hunters
  The ghost of Liforeniyw the Executioner, an adept MiBe of Trog (Snake:3)
  8 draconian monks
  Kirke (Lair:4)
  17 shadow dragons
  5 tengu reavers
  12 revenants
  Roxanne (Snake:1)
  A daeva (Abyss:3)
  An azure jelly (shapeshifter) (Depths:3)
  7 nagarajas
  21 azure jellies
  A draconian knight (Zot:3)
  8 fire giants
  7 iron dragons
  6 frost giants
  Aizul (Vaults:4)
  28 cacodemons
  6 deep elf sorcerers
  2 draconian scorchers
  A warmonger (Pan)
  11 vault wardens
  7 draconian shifters
  17 balrugs
  2 orc warlords
  12 ironheart preservers
  3 draconian stormcallers
  2 deep elf elementalists (Elf:3)
  10 war gargoyles
  9 draconian annihilators
  36 reapers
  3 curse skulls
  2 elemental wellsprings (Coc:7)
  23 very ugly things
  4 corrupters (Pan)
  2 ophanim (Abyss:1)
  17 stone giants
  16 black draconians
  4 blood saints (Pan)
  7 vampire knights
  11 green draconians
  7 deep elf demonologists
  15 lorocyprocas
  3 bennus
  11 black suns (Pan)
  A spectral titan (Crypt:3)
  9 red draconians
  8 deep elf annihilators
  A minotaur (Vaults:4)
  10 white draconians
  11 purple draconians
  2 spark wasps (Depths:5)
  10 yellow draconians
  6 eidola
  11 green deaths
  12 crystal guardians (Depths:3)
  14 ettins
  5 deep elf death magi
  12 mummy priests
  14 blizzard demons
  11 ogre magi
  3 merfolk impalers (Depths:5)
  17 yaktaur captains
  11 death oozes
  10 fire dragons
  12 jiangshi
  5 deep elf high priests
  23 ice dragons
  3 quicksilver dragon zombies
  12 rakshasas
  Harold (D:11)
  12 great orbs of eyes
  20 hydras
  13 naga warriors
  29 vault guards
  3 monstrous demonspawn (Pan)
  An ice dragon (shapeshifter) (Depths:3)
  4 quicksilver dragon skeletons
  A spriggan air mage (Depths:4)
  6 ghost crabs
  6 anacondas
  31 two-headed ogres
  A hell beast (Hell)
  2 death knights
  8 centaur warriors
  A shambling mangrove (Swamp:4)
  A catoblepas (shapeshifter) (Depths:3)
  3 catoblepae
  10 alligators
  A satyr (shapeshifter) (Depths:3)
  37 dancing weapons
  68 death scarabs
  6 tengu warriors
  2 titan zombies
  5 vampire magi
  3 death yaks
  5 deep troll shamans
  2 orc high priests (Orc:2)
  13 thrashing horrors
  6 shock serpents
  13 hell hogs
  36 sun demons
  32 deep elf knights
  6 spriggan berserkers
  11 deep troll earth magi
  14 iron golems
  22 iron trolls
  26 soul eaters
  7 wretched stars
  25 naga sharpshooters
  4 spatial maelstroms
  4 storm dragon zombies
  3 titan skeletons
  93 skeletal warriors
  23 shadow wraiths
  A fire crab (Lair:6)
  A death drake (Zot:3)
  2 salamander mystics
  A golden dragon zombie (Abyss:3)
  2 storm dragon skeletons
  29 sixfirhies
  A swamp dragon (shapeshifter) (Depths:3)
  A spriggan druid (Swamp:3)
  15 glowing orange brains
  13 hell knights
  2 death drakes (shapeshifter)
  5 anaconda zombies
  10 torturous demonspawn (Pan)
  3 unseen horrors (shapeshifter)
  2 glowing orange brains (shapeshifter)
  4 obsidian statues (Depths:3)
  28 deep trolls
  4 unseen horrors
  10 shadow demons
  47 starcursed masses
  An iron giant zombie (Crypt:3)
  9 flayed ghosts
  A lindwurm (shapeshifter) (Vaults:5)
  9 swamp dragons
  A ghost moth zombie (Dis:7)
  13 deep elf archers
  6 naga ritualists
  15 necromancers
  6 infernal demonspawn (Pan)
  5 anaconda skeletons
  62 deep elf magi
  34 phantasmal warriors
  7 wizards
  5 gelid demonspawn (Pan)
  2 shadow dragon zombies (Geh:7)
  3 golden dragon skeletons
  5 wolf spider zombies
  19 ironbrand convokers
  6 orc sorcerers
  6 wolf spiders
  14 orc knights
  7 iron dragon zombies
  3 fire giant zombies
  17 salamanders
  60 ugly things
  2 salamanders (shapeshifter)
  A faun (shapeshifter) (Vaults:4)
  9 mana vipers
  3 manticores
  5 frost giant zombies
  31 moths of wrath
  A wolf spider (shapeshifter) (Vaults:5)
  5 stone giant zombies
  6 shining eyes
  4 shadow dragon skeletons
  3 stone giant skeletons
  The ghost of drjones the Cudgeler, a novice GrGl (D:5)
  A shock serpent zombie (Dis:1)
  8 cyclopes
  4 centaur zombies
  6 worldbinders
  A black mamba (shapeshifter) (Vaults:4)
  An apocalypse crab (Abyss:4)
  26 black mambas
  A dire elephant zombie (Coc:7)
  13 vault sentinels
  4 guardian serpents
  9 molten gargoyles
  6 fire giant skeletons
  2 iron dragon skeletons (Geh:7)
  33 rust devils
  16 spiny frogs
  4 ice statues
  32 naga magi
  3 frost giant skeletons
  2 spiny frogs (shapeshifter)
  5 spectral swamp worms (Depths:4)
  3 eyes of devastation
  45 smoke demons
  23 orange demons
  3 dire elephant skeletons
  A rime drake (Lair:1)
  2 catoblepas zombies
  6 gargoyles
  3 emperor scorpion zombies
  13 hellions
  17 freezing wraiths
  3 kobold demonologists (D:15)
  6 komodo dragons
  19 hellwings
  5 tengu conjurers
  5 efreet
  5 ancient zymes
  3 anaconda simulacra
  27 guardian mummies
  32 tormentors
  53 yaktaurs
  9 demonic crawlers
  37 ice devils
  2 catoblepas skeletons
  62 large abominations
  9 hydra zombies
  4 harpy zombies
  A silent spectre (Tar:3)
  27 red devils
  A black draconian skeleton (Crypt:1)
  A queen ant zombie (Crypt:3)
  21 hornets
  A hornet (shapeshifter) (Elf:2)
  14 trolls
  A queen bee (shapeshifter) (Vaults:3)
  A shadow dragon simulacrum (Crypt:1)
  A troll (shapeshifter) (Vaults:3)
  5 tyrant leeches
  4 wind drakes (Depths:3)
  7 polar bears
  2 meliai (shapeshifter)
  4 hydra skeletons
  A slime creature (shapeshifter) (Vaults:5)
  27 blink frogs
  A sphinx simulacrum (Vaults:2)
  A wind drake (shapeshifter) (D:15)
  2 ice dragon zombies
  6 bog bodies
  2 spectral manticores (Crypt:3)
  2 fire giant simulacra
  3 alligator zombies
  A snapping turtle (Snake:3)
  38 raiju
  A raiju (shapeshifter) (Depths:1)
  A human simulacrum (Vaults:2)
  6 ettin zombies
  110 slime creatures
  An iron dragon simulacrum (Crypt:1)
  2 snapping turtles (shapeshifter) (Depths:3)
  An ice dragon skeleton (Geh:4)
  A death drake skeleton (Crypt:2)
  3 dream sheep (Lair:6)
  A meliai zombie (D:14)
  A spectral black mamba (Snake:3)
  2 shock serpent simulacra (Snake:3)
  10 hippogriffs
  8 air elementals
  2 black mamba zombies
  2 tarantellas (shapeshifter)
  5 fire dragon skeletons
  14 water elementals
  90 flying skulls
  4 vampires (WizLab)
  19 ynoxinuls
  A redback (shapeshifter) (Vaults:5)
  27 wraiths
  2 dire elephant simulacra (IceCv)
  An ettin skeleton (Pan)
  16 shadows
  A black mamba skeleton (Coc:6)
  39 yaks
  18 spriggans
  A basilisk (shapeshifter) (Depths:3)
  2 alligator skeletons
  2 wyverns
  6 hogs
  2 steam dragons
  3 basilisks
  A satyr skeleton (Crypt:3)
  22 fire elementals
  8 golden eyes
  3 fire bats (Abyss:1)
  A hog (shapeshifter) (D:15)
  18 vampire mosquitoes
  7 hungry ghosts
  9 ushabtiu
  A golden eye (shapeshifter) (Vaults:1)
  A human (D:8)
  21 chaos spawn
  7 spatial vortices
  26 neqoxecs
  22 insubstantial wisps
  11 wargs
  Menkaure (D:4)
  A harpy simulacrum (IceCv)
  A merfolk zombie (Geh:4)
  2 swamp worms (shapeshifter)
  A gelid demonspawn zombie (Crypt:1)
  18 swamp worms
  7 two-headed ogre zombies (WizLab)
  3 hydra simulacra (IceCv)
  A soldier ant (D:15)
  2 iron troll simulacra (IceCv)
  A monstrous demonspawn zombie (Dis:6)
  6 spiny frog zombies
  57 hell hounds
  54 nagas
  A water moccasin (shapeshifter) (Vaults:3)
  6 water moccasins
  3 acid dragons
  A floating eye (shapeshifter) (Vaults:1)
  10 porcupines
  A porcupine (shapeshifter) (D:15)
  50 orc warriors
  12 swamp drakes
  3 eyes of draining
  3 floating eyes
  A snapping turtle zombie (Dis:6)
  7 ice beasts
  2 guardian serpent simulacra (Snake:3)
  A sky beast (shapeshifter) (Depths:5)
  A swamp dragon zombie (Abyss:4)
  5 black bears
  2 dream sheep zombies
  An ice beast (shapeshifter) (Depths:3)
  7 sky beasts
  An alligator simulacrum (Coc:7)
  7 phantoms
  A spiny frog skeleton (Coc:7)
  4 necrophages
  35 ogres
  2 black mamba simulacra
  12 boggarts
  27 centaurs
  A manticore skeleton (Geh:7)
  A snapping turtle skeleton (Abyss:1)
  28 wolves
  A swamp dragon skeleton (Geh:7)
  A spectral human (Crypt:3)
  10 crocodiles
  A big kobold (shapeshifter) (D:14)
  3 big kobolds
  23 bullfrogs
  8 earth elementals
  A yaktaur zombie (Crypt:1)
  2 naga simulacra (Snake:3)
  5 wyvern zombies
  A yaktaur skeleton (Crypt:2)
  2 gnoll sergeants
  2 scorpions
  9 troll zombies
  A warg zombie (Crypt:2)
  4 wyvern skeletons
  31 small abominations
  A swamp dragon simulacrum (Abyss:4)
  A water moccasin skeleton (D:6)
  2 spectral nagas (Snake:3)
  A yak zombie (Crypt:1)
  19 killer bees
  46 wights
  A yak skeleton (Crypt:3)
  7 howler monkeys
  A spriggan skeleton (Coc:6)
  3 bullfrog zombies
  11 crimson imps
  A lava snake (shapeshifter) (Depths:3)
  A human zombie (Dis:6)
  6 quasits
  A hound (D:14)
  43 iron imps
  4 centaur skeletons
  2 gnoll shamans
  17 jellies
  13 orc priests
  29 orc wizards
  A black bear skeleton (Crypt:1)
  2 bullfrog skeletons
  10 worker ants
  A human skeleton (Geh:7)
  5 iguanas
  6 hell rats (Lair:3)
  9 ogre zombies
  A sky beast zombie (Crypt:3)
  A naga skeleton (Crypt:2)
  2 hound zombies
  A tengu skeleton (Hell)
  2 hound skeletons
  41 mummies
  2 worker ant zombies
  13 gnolls
  A steam dragon zombie (Crypt:2)
  A swamp drake zombie (Crypt:3)
  9 adders
  2 river rats
  5 shadow imps
  12 white imps
  An ufetubus (Abyss:1)
  6 oozes
  A halfling skeleton (Crypt:2)
  An iguana zombie (Crypt:2)
  An adder skeleton (D:4)
  An adder zombie (D:7)
  5 worms
  4 ball lightnings (Depths:3)
  4 dart slugs
  4 leopard geckos
  103 orcs
  2 ball pythons (Sewer)
  14 bats
  3 giant cockroaches
  3 goblins
  5 hobgoblins
  9 jackals
  29 kobolds
  3 quokkas
  3 frilled lizards
  A kobold skeleton (Crypt:2)
  A quokka skeleton (Crypt:1)
  A quokka zombie (D:5)
  7 rats
  8 briar patches
  2 crawling corpses (Vaults:5)
  3 fungi
  2 lurking horrors
  2 macabre masses (Abyss:3)
  5 plants
  A starspawn tentacle (Abyss:3)
4473 creatures vanquished.

Vanquished Creatures (collateral kills)
  the Lernaean hydra (Swamp:4)
  An acid blob (Slime:5)
  An azure jelly (Slime:5)
  A fire giant (D:10)
  3 death oozes (Slime:5)
  2 hydras
  4 dancing weapons (Elf:2)
  A deep elf knight (Elf:2)
  A swamp dragon (Swamp:4)
  An orc knight (Orc:2)
  An orc sorcerer (Orc:2)
  4 oklob plants (Lair:5)
  An orange demon (Pan)
  4 slime creatures (Swamp:4)
  A neqoxec (Pan)
  7 orc warriors (Orc:2)
  2 bullfrogs
  An orc priest (Orc:2)
  An orc wizard (Orc:2)
38 creatures vanquished.

Vanquished Creatures (others)
  2 eldritch tentacles
  A fire giant (Depths:2)
  A very ugly thing (Depths:3)
  3 hydras
  A dancing weapon (Depths:3)
  An alligator (Swamp:4)
  A deep troll earth mage (Depths:1)
  A deep elf knight (Elf:2)
  A swamp dragon (Swamp:4)
  A necromancer (D:14)
  A smoke demon (Pan)
  An orange demon (Pan)
  A tyrant leech (Swamp:4)
  A ynoxinul (Pan)
  A water elemental (Elf:2)
  A wraith (Geh:7)
  A golden eye (Abyss:4)
  An insubstantial wisp (Depths:3)
  A naga (Snake:4)
  A swamp drake (Swamp:3)
  An orc warrior (Crypt:1)
  A tengu (shapeshifter) (Depths:3)
  A centaur (Depths:2)
  A shadow imp (Tar:3)
  10 ball lightnings
  2 orcs (Crypt:1)
  8 fungi
  2 plants
  10 starspawn tentacles
59 creatures vanquished.

Grand Total: 4570 creatures vanquished

Notes
Turn   | Place    | Note
-------+----------+-------------------------------------------
     0 | D:1      | mopl the Minotaur Berserker began the quest for the Orb.
     0 | D:1      | Reached XP level 1. HP: 19/19 MP: 0/0
    53 | D:1      | Reached XP level 2. HP: 22/26 MP: 1/1
   388 | D:1      | Reached skill level 5 in Axes
   645 | D:2      | Reached ** piety under Trog
   645 | D:2      | Reached XP level 3. HP: 12/31 MP: 2/2
  1606 | D:3      | Reached XP level 4. HP: 33/39 MP: 3/3
  1653 | D:3      | Found a snail-covered altar of Cheibriados.
  2063 | D:3      | Reached XP level 5. HP: 33/45 MP: 4/4
  2563 | D:4      | Found Ufisay's Magic Scroll Emporium.
  2570 | D:4      | Bought a scroll of blinking for 82 gold pieces
  2570 | D:4      | Bought a scroll of fear for 38 gold pieces
  2570 | D:4      | Bought a scroll of identify for 22 gold pieces
  2577 | D:4      | Found Baucuzuej's Assorted Antiques.
  2658 | D:4      | Found Uhalah's Distillery.
  2798 | D:4      | Noticed Menkaure
  2801 | D:4      | Killed Menkaure
  2801 | D:4      | Reached XP level 6. HP: 51/51 MP: 5/5
  2967 | D:4      | Found Cufeoken's Weapon Shop.
  3162 | D:5      | Entered Level 5 of the Dungeon
  3263 | D:5      | Reached *** piety under Trog
  3344 | D:5      | Found a runed translucent gate.
  3344 | D:5      | Found a runed translucent gate.
  3345 | D:5      | Found a runed translucent gate.
  3360 | D:5      | Noticed drjones's ghost (novice GrGl)
  3473 | D:5      | Found a staircase to the Ecumenical Temple.
  3594 | D:5      | Found a glowing drain.
  3610 | Sewer    | Entered a sewer
  3645 | Sewer    | Reached XP level 7. HP: 51/57 MP: 6/6
  3873 | Sewer    | Reached skill level 10 in Axes
  4170 | D:5      | Found a roughly hewn altar of Beogh.
  4739 | D:6      | Reached XP level 8. HP: 56/64 MP: 7/7
  5777 | D:5      | Killed drjones's ghost
  5777 | D:5      | Reached skill level 1 in Throwing
  5777 | D:5      | Reached skill level 1 in Evocations
  5777 | D:5      | Reached XP level 9. HP: 71/71 MP: 7/9
  5869 | D:4      | Bought a smoking iron ring for 100 gold pieces
  5870 | D:4      | Identified the ring "Oryil" {*Drain +Fly MP+9 Stlth+} (You
                  | bought it in a shop on level 4 of the Dungeon)
  5921 | D:7      | Found Vukeh's Antique Armour Boutique.
  5929 | D:7      | Reached **** piety under Trog
  6131 | D:7      | Killed an unseen horror
  6136 | D:7      | Found Pothres's General Store.
  6190 | D:7      | Found a glowing silver altar of Zin.
  6234 | D:7      | Found Zuguteir's Jewellery Emporium.
  6412 | D:7      | You fall into a shaft and drop 3 floors!
  6412 | D:10     | Entered Level 10 of the Dungeon
  6442 | D:10     | Reached skill level 5 in Fighting
  6831 | D:9      | Found a staircase to the Orcish Mines.
  6948 | D:8      | Reached XP level 10. HP: 82/82 MP: 11/11
  7124 | D:7      | Reached skill level 5 in Armour
  7539 | D:8      | Reached ***** piety under Trog
  7920 | D:8      | Reached skill level 5 in Dodging
  8330 | D:9      | Received a gift from Trog
  8955 | D:10     | Found a staircase to the Lair.
  9097 | D:10     | Noticed a six-headed hydra
  9260 | D:10     | Noticed a yaktaur captain
  9278 | D:10     | Killed a yaktaur captain
  9278 | D:10     | Reached XP level 11. HP: 73/91 MP: 4/13
  9524 | D:10     | Killed a seven-headed hydra
  9524 | D:10     | Reached skill level 15 in Axes
  9524 | D:10     | Reached skill level 5 in Throwing
  9727 | D:10     | Found a bloodstained altar of Trog.
 10159 | D:10     | Noticed a five-headed hydra
 10173 | D:10     | Killed a nine-headed hydra
 10273 | D:10     | Noticed an ice dragon
 10284 | D:10     | Killed an ice dragon
 10338 | D:10     | Reached skill level 5 in Evocations
 10340 | D:10     | Noticed a fire giant
 10347 | D:10     | Killed a fire giant
 10687 | D:10     | Noticed a sea snake
 10687 | D:10     | a faun changed into a sea snake
 10689 | D:10     | a sea snake changed into a merfolk
 10695 | D:10     | Noticed a two-headed ogre
 10695 | D:10     | a swamp worm changed into a two-headed ogre
 10696 | D:10     | Noticed a glowing orange brain
 10696 | D:10     | a two-headed ogre changed into a glowing orange brain
 10698 | D:10     | Killed a glowing orange brain
 11205 | D:11     | HP: 7/141 [something (6)]
 11206 | D:11     | Killed an unseen horror
 11633 | D:11     | Noticed a brown ugly thing
 11634 | D:11     | Noticed a white ugly thing
 11635 | D:11     | Noticed a cyan ugly thing
 11644 | D:11     | Killed a brown ugly thing
 11647 | D:11     | Killed a cyan ugly thing
 11654 | D:11     | Killed a cyan ugly thing
 11654 | D:11     | Reached XP level 12. HP: 103/103 MP: 8/15
 11768 | D:11     | Noticed Harold
 11782 | D:11     | Killed Harold
 12164 | Lair:1   | Entered Level 1 of the Lair of Beasts
 12329 | D:4      | Bought a metallic pink potion for 18 gold pieces
 12329 | D:4      | Bought a bubbling golden potion for 18 gold pieces
 12329 | D:4      | Bought a fuming golden potion for 18 gold pieces
 12329 | D:4      | Bought 2 fuming golden potions for 36 gold pieces
 12535 | Lair:1   | Noticed a five-headed hydra
 12544 | Lair:1   | Killed a seven-headed hydra
 12992 | Lair:1   | Received a gift from Trog
 14691 | Lair:2   | Noticed a six-headed hydra
 14697 | Lair:2   | Killed an eight-headed hydra
 14747 | Lair:2   | Noticed an eight-headed hydra
 14774 | Lair:2   | Killed a 12-headed hydra
 14961 | Lair:2   | Found a staircase to the Swamp.
 15701 | Lair:3   | Noticed a catoblepas
 15701 | Lair:3   | Noticed a death yak
 15701 | Lair:3   | Noticed a death yak
 15703 | Lair:3   | Noticed a death yak
 15718 | Lair:2   | Killed a death yak
 15775 | Lair:3   | Killed a death yak
 15782 | Lair:3   | Killed a death yak
 15782 | Lair:3   | Reached XP level 13. HP: 112/112 MP: 14/17
 15875 | Lair:3   | Found a staircase to the Snake Pit.
 16489 | Lair:3   | Got a scorched lajatang
 17133 | Lair:4   | Reached skill level 10 in Fighting
 17146 | Lair:4   | Received a gift from Trog
 17564 | Lair:4   | Noticed Kirke
 17592 | Lair:4   | Killed Kirke
 17956 | Lair:5   | Reached skill level 10 in Armour
 18098 | Lair:5   | Found an ornate altar of the Wu Jian Council.
 18123 | Lair:5   | Received a gift from Trog
 18780 | Lair:6   | Entered Level 6 of the Lair of Beasts
 19457 | Lair:6   | Found a staircase to the Slime Pits.
 19504 | Lair:6   | Reached XP level 14. HP: 122/122 MP: 18/18
 19921 | Lair:6   | Reached skill level 10 in Dodging
 20138 | Lair:6   | Got a shimmering wooden ring
 20183 | Lair:6   | Received a gift from Trog
 20694 | Orc:1    | Entered Level 1 of the Orcish Mines
 20795 | Orc:1    | Noticed an orc warlord
 20876 | D:9      | Killed an orc warlord
 21380 | Orc:1    | You fall into a shaft and drop 1 floor!
 21380 | Orc:2    | Entered Level 2 of the Orcish Mines
 21380 | Orc:2    | Found a staircase to the Elven Halls.
 21512 | Orc:2    | Found Luyhadgh's Antique Weapon Shoppe.
 21901 | Orc:2    | Received a gift from Trog
 21928 | Orc:2    | Found Uma Afae's Antique Armour Boutique.
 22142 | Orc:2    | Found Xecvadoe's General Store.
 22348 | Orc:2    | Found Xongonergh's Jewellery Emporium.
 22353 | Orc:2    | Noticed an orc warlord
 22380 | Orc:2    | Killed an orc warlord
 22517 | Orc:2    | Bought a glowing hat for 189 gold pieces
 22522 | Orc:2    | Bought a pair of glowing boots for 202 gold pieces
 22695 | D:12     | Reached XP level 15. HP: 132/132 MP: 15/20
 22702 | D:12     | You are sucked into a shaft and drop 3 floors!
 22702 | D:15     | Entered Level 15 of the Dungeon
 23735 | D:13     | Found Sefifuj's Armour Shop.
 23771 | D:13     | Received a gift from Trog
 23976 | D:12     | Reached skill level 10 in Throwing
 24747 | D:13     | Paralysed by a hornet for 1 turns
 25494 | D:14     | Found a gate to the Vaults.
 25505 | D:14     | Received a gift from Trog
 26025 | Swamp:1  | Entered Level 1 of the Swamp
 27016 | Swamp:2  | Noticed a thorn hunter
 27025 | Swamp:2  | Killed a thorn hunter
 27411 | Swamp:2  | Reached XP level 16. HP: 138/141 MP: 22/22
 27894 | Swamp:3  | Received a gift from Trog
 28230 | Swamp:3  | Noticed a thorn hunter
 28254 | Swamp:3  | Killed a thorn hunter
 28912 | Swamp:3  | Paralysed by a hornet for 3 turns
 29395 | Swamp:3  | Noticed a tentacled monstrosity
 29421 | Swamp:3  | Killed a tentacled monstrosity
 29965 | Swamp:4  | Entered Level 4 of the Swamp
 30035 | Swamp:4  | Found a frozen archway.
 30047 | Swamp:4  | Received a gift from Trog
 30056 | IceCv    | Entered an ice cave
 30956 | IceCv    | Reached skill level 10 in Evocations
 31074 | IceCv    | Received a gift from Trog
 31492 | IceCv    | Got an ancient dire flail
 31938 | Swamp:4  | Paralysed by a hornet for 1 turns
 32537 | Swamp:4  | Noticed the 27-headed Lernaean hydra
 32877 | Swamp:4  | Killed the 26-headed Lernaean hydra
 32882 | Swamp:4  | Received a gift from Trog
 33199 | Swamp:4  | Got a decaying rune of Zot
 33628 | D:4      | Bought a scroll of noise for 11 gold pieces
 33906 | D:4      | Bought a scroll of summoning for 104 gold pieces
 33906 | D:4      | Bought a scroll of blinking for 82 gold pieces
 33906 | D:4      | Bought 3 scrolls of identify for 66 gold pieces
 33906 | D:4      | Bought a scroll of amnesia for 38 gold pieces
 33906 | D:4      | Bought a scroll of teleportation for 33 gold pieces
 33906 | D:4      | Bought a scroll of teleportation for 33 gold pieces
 33906 | D:4      | Bought a scroll of identify for 22 gold pieces
 33906 | D:4      | Bought a scroll of remove curse for 33 gold pieces
 33989 | D:7      | Bought a scroll of teleportation for 45 gold pieces
 33989 | D:7      | Bought a scroll of teleportation for 45 gold pieces
 33989 | D:7      | Bought a scroll of enchant weapon for 112 gold pieces
 33989 | D:7      | Bought a scroll of enchant armour for 112 gold pieces
 33989 | D:7      | Bought a scroll of identify for 30 gold pieces
 33989 | D:7      | Bought a scroll of brand weapon for 300 gold pieces
 33989 | D:7      | Bought a potion of heal wounds for 75 gold pieces
 33989 | D:7      | Bought a scroll of identify for 30 gold pieces
 33989 | D:7      | Bought a potion of curing for 45 gold pieces
 34076 | D:4      | Bought a potion of haste for 140 gold pieces
 34076 | D:4      | Bought a potion of heal wounds for 70 gold pieces
 34076 | D:4      | Bought a potion of lignification for 42 gold pieces
 34076 | D:4      | Bought a potion of cancellation for 112 gold pieces
 34076 | D:4      | Bought 2 potions of mutation for 224 gold pieces
 34256 | Lair:1   | Identified the +9 lajatang of the Blessed Realm {slice, rF+
                  | Int+6 Stlth-} (You found it on level 3 of the Lair of
                  | Beasts)
 34270 | Lair:1   | Identified the ring "Biac" {rF+ rC++ Str+3 Dex+4} (You
                  | found it on level 6 of the Lair of Beasts)
 34597 | D:15     | Found a staircase to the Depths.
 34689 | D:15     | Received a gift from Trog
 34809 | D:15     | Found a burning altar of Makhleb.
 34927 | D:15     | Found a shattered altar of Ashenzari.
 34976 | D:15     | Reached XP level 17. HP: 150/151 MP: 23/23
 35583 | Snake:1  | Entered Level 1 of the Snake Pit
 35611 | Snake:1  | Received a gift from Trog
 35651 | Snake:1  | Noticed Roxanne
 35694 | Snake:1  | Killed Roxanne
 35722 | Snake:1  | Noticed Asterion
 35743 | Snake:1  | Killed Asterion
 35856 | Snake:1  | Received a gift from Trog
 36542 | Snake:2  | Reached ****** piety under Trog
 36573 | Snake:2  | Received a gift from Trog
 36916 | Snake:2  | Received a gift from Trog
 37241 | Snake:3  | Found a runed translucent gate.
 37241 | Snake:3  | Found a runed translucent gate.
 37241 | Snake:3  | Found a runed translucent gate.
 37377 | Snake:3  | Received a gift from Trog
 37894 | Snake:3  | Noticed Liforeniyw's ghost (adept MiBe)
 37918 | Snake:3  | Killed Liforeniyw's ghost
 38006 | Snake:3  | Received a gift from Trog
 38388 | Snake:4  | Entered Level 4 of the Snake Pit
 38596 | Snake:4  | Noticed Vashnia
 38877 | Snake:4  | Killed Vashnia
 39731 | Snake:4  | Found Ocerchyu's Magic Scroll Shop.
 39731 | Snake:4  | Found Lairuetse's Food Boutique.
 39733 | Snake:4  | Found Duimeq's Food Shop.
 39752 | Snake:4  | Found Xosa's Jewellery Boutique.
 39825 | Snake:4  | Reached XP level 18. HP: 159/161 MP: 25/25
 39941 | Snake:4  | Received a gift from Trog
 40285 | Snake:4  | Identified the +9 flail "Killer Klown's Doom" {venom, -Tele
                  | rPois rC+ MR+}
 40541 | Snake:4  | Received a gift from Trog
 40567 | Snake:4  | Got a faintly glowing broad axe {god gift}
 40569 | Snake:4  | Identified the +8 broad axe of the Median {drain, MR+
                  | Str+3} (Trog gifted it to you on level 4 of the Snake Pit)
 41033 | Snake:4  | Got a serpentine rune of Zot
 41042 | Snake:4  | Received a gift from Trog
 41042 | Snake:4  | Reached skill level 15 in Fighting
 41432 | Elf:1    | Entered Level 1 of the Elven Halls
 41451 | Elf:1    | You are sucked into a shaft and drop 1 floor!
 41979 | Elf:2    | Reached skill level 15 in Armour
 41998 | Elf:2    | Found a runed translucent gate.
 41998 | Elf:2    | Found a runed translucent gate.
 41999 | Elf:2    | Found a runed translucent gate.
 42455 | Elf:2    | Received a gift from Trog
 42473 | Elf:2    | Received a gift from Trog
 42957 | Elf:1    | Reached XP level 19. HP: 123/170 MP: 26/26
 43005 | Elf:1    | Received a gift from Trog
 43645 | Elf:2    | Received a gift from Trog
 43868 | Elf:3    | Entered Level 3 of the Elven Halls
 44183 | Elf:3    | Received a gift from Trog
 44365 | Elf:3    | Noticed a Tzitzimitl
 44365 | Elf:3    | Received a gift from Trog
 44547 | Elf:3    | Received a gift from Trog
 44640 | Elf:3    | Found Ymutanax's Magic Scroll Shoppe.
 44647 | Elf:3    | Identified the +7 scythe of Floods {slice, rPois Int+3}
                  | (You found it on level 3 of the Elven Halls)
 44651 | Elf:3    | Bought a scroll of silence for 97 gold pieces
 44911 | Elf:3    | Identified the ring "Wutiolupn" {rElec MP+9}
 45657 | Elf:3    | Identified the +6 short sword of Distraction {pierce, rPois
                  | rN+++ Int-4 SInv}
 45672 | Elf:3    | Identified the +2 cloak of Exclusion {Str+2} (You found it
                  | on level 3 of the Elven Halls)
 45950 | Elf:3    | Received a gift from Trog
 46189 | Vaults:1 | Entered Level 1 of the Vaults
 46439 | Vaults:1 | Reached XP level 20. HP: 180/180 MP: 12/28
 46840 | Vaults:1 | Received a gift from Trog
 47112 | Vaults:1 | Reached skill level 15 in Dodging
 47214 | Vaults:1 | Found a portal to a secret trove of treasure.
 47865 | Vaults:1 | You paid a toll of a +6 demon blade to enter a treasure
                  | trove
 47866 | Trove    | Entered a treasure trove
 47873 | Trove    | Identified the ring of Jystreg {rN+ MR+} (You found it in a
                  | treasure trove)
 47880 | Trove    | Identified the amulet of Xom's Passing Interest {RegenMP
                  | rElec} (You found it in a treasure trove)
 47882 | Trove    | Identified the ring of Uludaot {*Corrode rF+ MR+ Str+6
                  | Int+2} (You found it in a treasure trove)
 47888 | Trove    | Identified the ring of the Empty Page {Ice rElec MR+ Dex+2
                  | Stlth-} (You found it in a treasure trove)
 47891 | Trove    | Identified the ring "Cusk" {+Blink rPois rN+ MR- Int-2
                  | Slay+4} (You found it in a treasure trove)
 48470 | Vaults:2 | Found a staircase to the Crypt.
 48789 | Vaults:2 | Received a gift from Trog
 48837 | Vaults:2 | Received a gift from Trog
 49108 | Vaults:2 | Found Fikh's Book Boutique.
 49723 | Vaults:3 | Paralysed by a wizard for 3 turns
 49785 | Vaults:3 | Received a gift from Trog
 49938 | Vaults:3 | Received a gift from Trog
 49965 | Vaults:3 | Received a gift from Trog
 50352 | Vaults:3 | Received a gift from Trog
 50486 | Vaults:3 | Received a gift from Trog
 50497 | Vaults:3 | Reached XP level 21. HP: 176/190 MP: 29/29
 50625 | Vaults:3 | Found Dehemurgh's Jewellery Boutique.
 50632 | Vaults:3 | Found Joqu's Assorted Antiques.
 50644 | Vaults:3 | Bought a pair of shimmering gloves for 427 gold pieces
 50644 | Vaults:3 | Identified the +2 pair of gloves "Weeguk" {rElec rF- Regen+
                  | Str+2} (You bought it in a shop on level 3 of the Vaults)
 50957 | Vaults:4 | Reached skill level 1 in Stealth
 51272 | Vaults:4 | Noticed Aizul
 51285 | Vaults:4 | Killed Aizul
 51295 | Vaults:4 | Found Por Pull's Jewellery Emporium.
 51411 | Vaults:4 | Received a gift from Trog
 51824 | Vaults:4 | Found a runed translucent gate.
 51825 | Vaults:4 | Found a runed translucent gate.
 51825 | Vaults:4 | Found a runed translucent gate.
 51826 | Vaults:4 | Noticed crisisinutopia's ghost (adept MiFi)
 51827 | Vaults:4 | Found an iron altar of Okawaru.
 51844 | Vaults:4 | Killed crisisinutopia's ghost
 51873 | Vaults:4 | Identified a scroll of acquirement
 51884 | Vaults:4 | Got a blackened hat
 51890 | Vaults:4 | Identified the +0 hat of Rationality {Int+3} (You acquired
                  | it on level 4 of the Vaults)
 51914 | Vaults:4 | Identified the Tome of Ice and Venom
 52945 | Vaults:5 | Entered Level 5 of the Vaults
 52949 | Vaults:5 | Noticed Mara
 52959 | Vaults:5 | Noticed mopl's illusion
 52967 | Vaults:5 | Received a gift from Trog
 53241 | Vaults:4 | Received a gift from Trog
 53405 | Vaults:5 | Noticed mopl's illusion
 53588 | Vaults:5 | Noticed mopl's illusion
 53807 | Vaults:4 | Noticed mopl's illusion
 53813 | Vaults:4 | Killed Mara
 54048 | Vaults:5 | Reached XP level 22. HP: 200/200 MP: 31/31
 54250 | Vaults:5 | Got a silver rune of Zot
 54371 | Vaults:5 | Received a gift from Trog
 54580 | Vaults:5 | Found the cursed +14 obsidian axe {chop, +Fly SInv *Curse}
 54594 | Vaults:5 | Noticed an ancient lich
 54607 | Vaults:5 | Killed an ancient lich
 54613 | Vaults:5 | Reached skill level 15 in Throwing
 54619 | Vaults:5 | Identified the ring "Fuostu" {Wiz rF- MR++ Dex+2}
 54639 | Vaults:5 | HP: 10/201 [reaper/+4 scythe of freezing[the scythe of
                  | Curses] (19)]
 55212 | Vaults:5 | Identified the +1 great sword of Truth {venom, Fragile
                  | rElec Int+10 SInv}
 55373 | Vaults:5 | Reached skill level 5 in Stealth
 55528 | Vaults:5 | Found the +2 hat of the Bear Spirit {Spirit, +Rage rN+
                  | MR++}
 55782 | Vaults:5 | Identified the amulet of the Tarantula {Reflect +Inv rF+
                  | MR- Slay+4 SH+2}
 56637 | Crypt:1  | Entered Level 1 of the Crypt
 56714 | Crypt:1  | Found a runed translucent door.
 56721 | Crypt:1  | Noticed Bunoc's ghost (veteran FoFi)
 56745 | Crypt:1  | Killed Bunoc's ghost
 56959 | Crypt:1  | Noticed Saint Roka
 56969 | Crypt:1  | Received a gift from Trog
 56988 | Crypt:1  | Killed Saint Roka
 56989 | Crypt:1  | Received a gift from Trog
 57524 | Crypt:1  | Found an ancient bone altar of Kikubaaqudgha.
 57652 | Crypt:2  | Found a magical portal.
 57774 | WizLab   | Received a gift from Trog
 57937 | WizLab   | Noticed an antique lich
 57948 | WizLab   | Killed an antique lich
 57977 | WizLab   | Found the +9 sword of Zonguldrok {reap}
 58151 | Crypt:2  | Noticed Boris
 58164 | Crypt:2  | Killed Boris
 58324 | Crypt:2  | Reached XP level 23. HP: 204/209 MP: 9/32
 58356 | Crypt:2  | Found the +6 Majin-Bo {vamp, Archmagi MP+6 Int+6}
 58611 | Crypt:2  | Received a gift from Trog
 58615 | Crypt:2  | Noticed Margery
 58632 | Crypt:2  | Killed Margery
 58814 | Crypt:3  | Entered Level 3 of the Crypt
 59038 | Crypt:3  | Found a staircase to the Tomb.
 59229 | Crypt:3  | Noticed Boris
 59238 | Crypt:3  | Killed Boris
 59309 | Crypt:3  | Received a gift from Trog
 59616 | Crypt:3  | Found a basalt altar of Yredelemnul.
 59995 | Crypt:3  | Identified the cursed +0 ring mail "Zillyst" {Regen+ Int+3}
                  | (You found it on level 3 of the Crypt)
 60099 | Crypt:3  | Received a gift from Trog
 61179 | Slime:1  | Entered Level 1 of the Pits of Slime
 61282 | Slime:1  | Gained mutation: You are frail. (-10% HP) [a shining eye]
 61293 | Slime:1  | Received a gift from Trog
 61323 | Slime:2  | Gained mutation: You are occasionally teleported next to
                  | monsters. [a shining eye]
 61324 | Slime:2  | Received a gift from Trog
 61329 | Slime:2  | Gained mutation: You are very frail. (-20% HP) [a shining
                  | eye]
 61359 | Slime:3  | Received a gift from Trog
 61517 | Lair:1   | Lost mutation: You are occasionally teleported next to
                  | monsters. [potion of mutation]
 61517 | Lair:1   | Lost mutation: You are very frail. (-20% HP) [potion of
                  | mutation]
 61517 | Lair:1   | Lost mutation: You are frail. (-10% HP) [potion of
                  | mutation]
 61517 | Lair:1   | Gained mutation: You are clumsy. (Dex -2) [potion of
                  | mutation]
 61517 | Lair:1   | Gained mutation: You have an increased reservoir of magic.
                  | (+10% MP) [potion of mutation]
 61718 | Slime:3  | Gained mutation: Armour fits poorly on your strangely
                  | shaped body. [a shining eye]
 61729 | Slime:3  | Received a gift from Trog
 62172 | Slime:5  | Entered Level 5 of the Pits of Slime
 62255 | Slime:5  | Found a viscous altar of Jiyva.
 62256 | Slime:5  | Found the +0 sword of Power
 62256 | Slime:5  | Noticed the Royal Jelly
 62262 | Slime:5  | Received a gift from Trog
 62262 | Slime:5  | Reached XP level 24. HP: 196/220 MP: 33/36
 62295 | Slime:5  | Reached skill level 15 in Evocations
 62950 | Slime:5  | Killed the Royal Jelly
 63360 | Slime:5  | Found the +27 Lear's hauberk
 63369 | Slime:5  | Identified the cursed +0 plate armour of the Forsaken
                  | Blessings {rC+} (You found it on level 5 of the Pits of
                  | Slime)
 63374 | Slime:5  | Identified the +4 broad axe "Kibit" {chop, MR- Dex+4
                  | Stlth+} (You found it on level 5 of the Pits of Slime)
 63452 | Slime:5  | Got a slimy rune of Zot
 63877 | Depths:1 | Entered Level 1 of the Depths
 63930 | Depths:1 | Found a gateway to Hell.
 64151 | Depths:1 | Received a gift from Trog
 64269 | Depths:1 | Received a gift from Trog
 64763 | Depths:2 | Identified the +5 spear of Xeeth {holy, Fragile rPois MR+
                  | Dex+2 SInv}
 64765 | Depths:2 | Noticed a juggernaut
 64778 | Depths:2 | Received a gift from Trog
 64787 | Depths:2 | Killed a juggernaut
 64826 | Depths:2 | Found the ring of Shadows {Umbra +Inv Stlth+}
 64900 | Depths:2 | Identified the +4 dire flail of Uncomfortable Rashes
                  | {freeze, rN+ MR+ Dex-5} (You found it on level 2 of the
                  | Depths)
 64921 | Depths:2 | Identified the +9 battleaxe "Rusoush" {elec, +Rage} (Trog
                  | gifted it to you on level 2 of the Depths)
 65072 | Depths:2 | Found Aweto's Gadget Emporium.
 65073 | Depths:2 | Found Ulluwkun's Jewellery Shop.
 65073 | Depths:2 | Found Boatwi's Jewellery Shop.
 65093 | Depths:2 | Bought a sack of spiders for 260 gold pieces
 65257 | Depths:2 | Found a gateway to a ziggurat.
 65270 | Depths:2 | Received a gift from Trog
 65270 | Depths:2 | Reached XP level 25. HP: 219/231 MP: 32/37
 66017 | Depths:3 | Lost mutation: You are clumsy. (Dex -2) [potion of
                  | mutation]
 66017 | Depths:3 | Lost mutation: You have an increased reservoir of magic.
                  | (+10% MP) [potion of mutation]
 66017 | Depths:3 | Gained mutation: You are weak. (Str -2) [potion of
                  | mutation]
 66017 | Depths:3 | Gained mutation: You are resistant to hostile enchantments.
                  | (MR+) [potion of mutation]
 66017 | Depths:3 | Gained mutation: Your flesh is cold resistant. (rC+)
                  | [potion of mutation]
 66156 | Depths:3 | Received a gift from Trog
 66283 | Depths:3 | Identified the ring of Posaah {+Fly rF- MR+ SInv} (You
                  | found it on level 3 of the Depths)
 66368 | Depths:3 | Reached skill level 10 in Stealth
 66457 | Depths:3 | Identified the amulet "Ocriekli" {Reflect rElec SH+4} (You
                  | found it on level 3 of the Depths)
 66570 | Depths:3 | Found the +7 lajatang of Order {silver, rMut}
 66605 | Depths:3 | Received a gift from Trog
 66631 | Depths:3 | Found a one-way gate leading to the halls of Pandemonium.
 66836 | Depths:4 | Noticed Mennas
 66852 | Depths:4 | Killed Mennas
 66852 | Depths:4 | Received a gift from Trog
 66955 | Depths:4 | Found a one-way gate to the infinite horrors of the Abyss.
 67056 | Depths:4 | Reached skill level 1 in Staves
 67162 | Depths:4 | You are sucked into a shaft and drop 1 floor!
 67162 | Depths:5 | Entered Level 5 of the Depths
 67250 | Depths:5 | Received a gift from Trog
 67339 | Depths:5 | Received a gift from Trog
 67386 | Depths:5 | Received a gift from Trog
 67614 | Depths:5 | Received a gift from Trog
 67792 | Depths:5 | Reached XP level 26. HP: 240/240 MP: 34/34
 67874 | Depths:5 | Received a gift from Trog
 67886 | Depths:5 | Reached skill level 5 in Staves
 67935 | Depths:5 | Found a gate to the Realm of Zot.
 68038 | Depths:5 | Identified the Compendium of Arcane Weapons and Bewitchment
 68189 | Depths:4 | Voluntarily entered the Abyss.
 68254 | Abyss:1  | Gained mutation: You are frail. (-10% HP) [a neqoxec]
 68282 | Abyss:1  | Gained mutation: You are very frail. (-20% HP) [a neqoxec]
 68573 | Abyss:1  | Received a gift from Trog
 68806 | Depths:4 | Escaped the Abyss
 69268 | Depths:3 | Lost mutation: Armour fits poorly on your strangely shaped
                  | body. [potion of mutation]
 69268 | Depths:3 | Lost mutation: You are very frail. (-20% HP) [potion of
                  | mutation]
 69268 | Depths:3 | Lost mutation: You are frail. (-10% HP) [potion of
                  | mutation]
 69268 | Depths:3 | Lost mutation: Your flesh is cold resistant. (rC+) [potion
                  | of mutation]
 69268 | Depths:3 | Lost mutation: You are weak. (Str -2) [potion of mutation]
 69268 | Depths:3 | Gained mutation: You are somewhat resistant to further
                  | mutation. [potion of mutation]
 69336 | Depths:4 | Voluntarily entered the Abyss.
 69336 | Abyss:1  | Found a corrupted altar of Lugonu.
 69511 | Abyss:1  | Received a gift from Trog
 69875 | Abyss:2  | Found a corrupted altar of Lugonu.
 69972 | Abyss:2  | Received a gift from Trog
 70132 | Abyss:2  | Received a gift from Trog
 70167 | Abyss:2  | Noticed an ancient lich
 70178 | Abyss:2  | Killed an ancient lich
 70182 | Abyss:3  | Found a corrupted altar of Lugonu.
 70629 | Abyss:3  | Received a gift from Trog
 70663 | Abyss:3  | Received a gift from Trog
 70672 | Abyss:3  | Paralysed by a floating eye for 2 turns
 70723 | Abyss:3  | Got an abyssal rune of Zot
 70878 | Abyss:3  | Paralysed by accursed screaming for 1 turns
 70885 | Abyss:3  | Paralysed by accursed screaming for 1 turns
 71084 | Abyss:3  | Received a gift from Trog
 71223 | Abyss:3  | Lost intelligence.
 71445 | Abyss:3  | Gained mutation: Your magical capacity is low. (-10% MP) [a
                  | neqoxec]
 71574 | Abyss:4  | Reached XP level 27. HP: 139/250 MP: 30/30
 71711 | Abyss:4  | Received a gift from Trog
 71756 | Abyss:4  | Received a gift from Trog
 71789 | Abyss:4  | Received a gift from Trog
 71909 | Abyss:4  | Paralysed by accursed screaming for 1 turns
 71926 | Abyss:4  | Received a gift from Trog
 71946 | Depths:4 | Escaped the Abyss
 72709 | Vaults:5 | Identified the +0 cloak of Mezcal {Str+3} (You found it on
                  | level 5 of the Vaults)
 73013 | D:7      | Bought a pair of faintly glowing boots for 180 gold pieces
 73013 | D:7      | Bought a distressingly furry scale mail for 171 gold pieces
 73013 | D:7      | Bought a glowing scarf for 152 gold pieces
 73013 | D:7      | Identified the +1 pair of boots of Ommihaw {Dex+7} (You
                  | bought it in a shop on level 7 of the Dungeon)
 73014 | D:7      | Identified the cursed +0 scale mail "Daudghuaf" {+Fly rElec
                  | Slay+3} (You bought it in a shop on level 7 of the Dungeon)
 73309 | Zot:1    | Entered Level 1 of the Realm of Zot
 73417 | Zot:1    | Identified the +0 robe "Asuaxig" {Dex+2 Stlth+} (You found
                  | it on level 1 of the Realm of Zot)
 73568 | Zot:1    | Received a gift from Trog
 73730 | Zot:1    | Reached skill level 10 in Staves
 73963 | Zot:1    | Received a gift from Trog
 74268 | Zot:2    | Received a gift from Trog
 74276 | Zot:2    | Noticed an orb of fire
 74301 | Zot:2    | Killed an orb of fire
 74582 | Zot:2    | Received a gift from Trog
 75381 | Zot:3    | You are sucked into a shaft and drop 1 floor!
 75427 | Zot:3    | Noticed an ancient lich
 75427 | Zot:3    | Noticed an orb of fire
 75427 | Zot:3    | Gained mutation: Armour fits poorly on your strangely
                  | shaped body. [an orb of fire]
 75436 | Zot:4    | Killed an ancient lich
 75440 | Zot:4    | Killed an orb of fire
 75960 | Zot:3    | Received a gift from Trog
 76285 | Zot:3    | Noticed an orb of fire
 76301 | Zot:3    | Killed an orb of fire
 76629 | Zot:3    | Received a gift from Trog
 77261 | Zot:5    | Entered Level 5 of the Realm of Zot
 77837 | Zot:5    | Reached skill level 15 in Staves
 77838 | Zot:5    | Noticed an orb of fire
 77840 | Zot:5    | Noticed an orb of fire
 77892 | Zot:4    | Killed an orb of fire
 77970 | Zot:5    | Killed an orb of fire
 77972 | Zot:5    | Noticed an ancient lich
 77982 | Zot:5    | Killed an ancient lich
 77993 | Zot:5    | Noticed an ancient lich
 78010 | Zot:5    | Killed an ancient lich
 78036 | Zot:5    | Noticed an ancient lich
 78047 | Zot:5    | Killed an ancient lich
 78107 | Zot:5    | Noticed an ancient lich
 78123 | Zot:5    | Killed an ancient lich
 78268 | Zot:5    | Received a gift from Trog
 78271 | Zot:5    | Identified the +3 executioner's axe of Onegroesk {chop,
                  | *Drain +Blink rC+} (Trog gifted it to you on level 5 of the
                  | Realm of Zot)
 78293 | Zot:5    | Noticed an orb of fire
 78293 | Zot:5    | Noticed an ancient lich
 78294 | Zot:5    | Noticed an orb of fire
 78300 | Zot:5    | Noticed an ancient lich
 78309 | Zot:5    | Killed an orb of fire
 78321 | Zot:5    | Killed an ancient lich
 78327 | Zot:5    | Killed an ancient lich
 78333 | Zot:5    | Gained mutation: Your body sometimes deteriorates upon
                  | taking damage. [an orb of fire]
 78337 | Zot:5    | Killed an orb of fire
 78483 | Zot:5    | Noticed an ancient lich
 78493 | Zot:5    | Noticed an ancient lich
 78501 | Zot:5    | Killed an ancient lich
 78509 | Zot:5    | Killed an ancient lich
 78671 | Zot:5    | Lost mutation: Your body sometimes deteriorates upon taking
                  | damage. [potion of mutation]
 78671 | Zot:5    | Lost mutation: Your magical capacity is low. (-10% MP)
                  | [potion of mutation]
 79236 | Pan      | Entered Pandemonium
 79545 | Pan      | Noticed Byrutuotz the pandemonium lord
 79661 | Pan      | Noticed Dyneara the pandemonium lord
 79683 | Pan      | Killed Dyneara the pandemonium lord
 79711 | Pan      | Received a gift from Trog
 80014 | Pan      | Entered the realm of Gloorx Vloq.
 80014 | Pan      | Noticed Gloorx Vloq
 80326 | Pan      | Received a gift from Trog
 80897 | Pan      | Killed Gloorx Vloq
 81183 | Pan      | Got a dark rune of Zot
 81427 | Pan      | Entered the realm of Mnoleg.
 81430 | Pan      | Received a gift from Trog
 81587 | Pan      | Noticed Mnoleg
 81612 | Pan      | Killed Mnoleg
 81612 | Pan      | Reached skill level 15 in Stealth
 81650 | Pan      | Got a glowing rune of Zot
 81928 | Pan      | Received a gift from Trog
 82024 | Pan      | Received a gift from Trog
 82101 | Pan      | Noticed Juogyguv the pandemonium lord
 82125 | Pan      | Killed Juogyguv the pandemonium lord
 82915 | Pan      | Identified the +9 war axe "Qerir" {chop, *Corrode rElec rN+
                  | Str+3 Int+2}
 82926 | Pan      | Received a gift from Trog
 83091 | Pan      | Got a demonic rune of Zot
 83268 | Pan      | Found an exit through the horrors of the Abyss.
 83393 | Pan      | Identified the +1 pair of gloves "Ulolyom" {rC+ Dex+3
                  | Stlth+} (You found it in Pandemonium)
 83541 | Pan      | Entered the realm of Cerebov.
 83591 | Pan      | Identified the +6 sword of Cerebov {flame}
 83591 | Pan      | Noticed Cerebov
 83592 | Pan      | Killed Cerebov
 83625 | Pan      | Got a fiery rune of Zot
 83692 | Pan      | Identified the +3 bardiche of Dung {pain, rN+ MP+9 Int+6}
                  | (You found it in Pandemonium)
 83718 | Pan      | Identified the +6 scythe of Irul {antimagic, +Inv rPois rF-
                  | Int+8} (You found it in Pandemonium)
 83754 | Pan      | Identified the +3 falchion of the Bruised Realms {slice,
                  | rN+++ Int-3} (You found it in Pandemonium)
 83810 | Pan      | Received a gift from Trog
 83876 | Pan      | Identified the ring of Paefar Vola {*Drain rPois MP+9
                  | Slay-2 Stlth+}
 83983 | Pan      | Received a gift from Trog
 84071 | Pan      | Noticed Hiti the pandemonium lord
 84110 | Pan      | Killed Hiti the pandemonium lord
 84179 | Pan      | Entered the realm of Lom Lobon.
 84179 | Pan      | Noticed Lom Lobon
 84202 | Pan      | Killed Lom Lobon
 84209 | Pan      | Got a magical rune of Zot
 84263 | Pan      | Received a gift from Trog
 84712 | Pan      | Noticed Onky the pandemonium lord
 84725 | Pan      | Killed Onky the pandemonium lord
 84725 | Pan      | Received a gift from Trog
 85015 | Pan      | Received a gift from Trog
 85097 | Pan      | Received a gift from Trog
 85336 | Pan      | Found an exit through the horrors of the Abyss.
 85350 | Pan      | Took an exit into the Abyss.
 85350 | Abyss:1  | Escaped into the Abyss
 85350 | Abyss:1  | Found a corrupted altar of Lugonu.
 85366 | Abyss:1  | Found a corrupted altar of Lugonu.
 85384 | Depths:3 | Escaped the Abyss
 85433 | Hell     | Entered the Vestibule of Hell
 85433 | Hell     | Noticed Geryon
 85441 | Hell     | Noticed Murray
 85448 | Hell     | Received a gift from Trog
 85453 | Hell     | Killed Geryon
 85464 | Hell     | Killed Murray
 85721 | Hell     | Received a gift from Trog
 85868 | Hell     | Found a gateway to the ashen valley of Gehenna.
 85961 | Hell     | Found a gateway to the freezing wastes of Cocytus.
 85976 | Hell     | Received a gift from Trog
 86059 | Hell     | Found a gateway to the decaying netherworld of Tartarus.
 86112 | Hell     | Found a gateway to the Iron City of Dis.
 86123 | Dis:1    | Entered Level 1 of the Iron City of Dis
 86132 | Dis:1    | Received a gift from Trog
 86305 | Dis:1    | Received a gift from Trog
 87088 | Dis:2    | Received a gift from Trog
 87511 | Dis:5    | Received a gift from Trog
 88094 | Dis:6    | Received a gift from Trog
 88570 | Dis:7    | Entered Level 7 of the Iron City of Dis
 88580 | Dis:7    | Received a gift from Trog
 88609 | Dis:7    | Received a gift from Trog
 88655 | Dis:7    | Identified the +9 plate armour of a volcano {Str+2} (You
                  | found it on level 7 of the Iron City of Dis)
 88868 | Dis:7    | Received a gift from Trog
 88886 | Dis:7    | Identified the +5 chain mail of the First Wonders {rF+}
 88970 | Dis:7    | Identified the ring "Jupinol" {rF++ AC+2} (You found it on
                  | level 7 of the Iron City of Dis)
 89072 | Dis:7    | Identified the +4 staff of Dispater
 89072 | Dis:7    | Noticed Dispater
 89107 | Dis:7    | Killed Dispater
 89155 | Dis:7    | Got an iron rune of Zot
 89347 | Geh:1    | Entered Level 1 of Gehenna
 89355 | Geh:1    | Received a gift from Trog
 89690 | Geh:5    | Received a gift from Trog
 89746 | Geh:7    | Entered Level 7 of Gehenna
 89813 | Geh:7    | Identified Bacad's Volume of the Birds
 90044 | Geh:7    | Received a gift from Trog
 90146 | Geh:7    | Received a gift from Trog
 90262 | Geh:7    | Received a gift from Trog
 90278 | Geh:7    | Identified the +7 sceptre of Asmodeus
 90278 | Geh:7    | Noticed Asmodeus
 90301 | Geh:7    | Killed Asmodeus
 90331 | Geh:7    | Identified the amulet "Mod Hina" {Gourm rElec rPois rC+
                  | Dex+3}
 90334 | Geh:7    | Received a gift from Trog
 90360 | Geh:7    | Got an obsidian rune of Zot
 90736 | Tar:1    | Entered Level 1 of Tartarus
 90842 | Tar:3    | Received a gift from Trog
 90948 | Tar:3    | Received a gift from Trog
 91012 | Tar:5    | Received a gift from Trog
 91256 | Tar:7    | Entered Level 7 of Tartarus
 91402 | Tar:7    | Received a gift from Trog
 91418 | Tar:7    | Noticed Ereshkigal
 91444 | Tar:7    | Killed Ereshkigal
 91527 | Tar:7    | Got a bone rune of Zot
 91553 | Tar:7    | Noticed an ancient lich
 91704 | Coc:1    | Entered Level 1 of Cocytus
 92085 | Coc:2    | Received a gift from Trog
 92286 | Coc:7    | Entered Level 7 of Cocytus
 92390 | Coc:7    | Received a gift from Trog
 92453 | Coc:7    | Received a gift from Trog
 92535 | Coc:7    | Identified the +4 flail of the World {drain, rElec rF+}
 92535 | Coc:7    | Noticed Antaeus
 92567 | Coc:7    | HP: 19/402 [Antaeus/the +4 flail of the World {drain, rElec
                  | rF+} (24)]
 92567 | Coc:7    | HP: 6/402 [Antaeus/the +4 flail of the World {drain, rElec
                  | rF+} (5)]
 92572 | Coc:7    | Killed Antaeus
 92611 | Coc:7    | Found the +11 plutonium sword {*Contam Stlth-}
 92621 | Coc:7    | Got an icy rune of Zot
 93478 | Elf:3    | Bought a scroll of enchant weapon for 97 gold pieces
 93478 | Elf:3    | Bought a scroll of fog for 26 gold pieces
 93478 | Elf:3    | Bought a scroll of magic mapping for 45 gold pieces
 93759 | Snake:4  | Bought a scroll of fear for 56 gold pieces
 93759 | Snake:4  | Bought a scroll of fear for 56 gold pieces
 93759 | Snake:4  | Bought a scroll of teleportation for 48 gold pieces
 93759 | Snake:4  | Bought a scroll of fog for 32 gold pieces
 93759 | Snake:4  | Bought a scroll of identify for 32 gold pieces
 93759 | Snake:4  | Bought a scroll of enchant weapon for 120 gold pieces
 93759 | Snake:4  | Bought a scroll of identify for 32 gold pieces
 93759 | Snake:4  | Bought a scroll of identify for 32 gold pieces
 93984 | Orc:2    | Bought a potion of curing for 39 gold pieces
 93984 | Orc:2    | Bought a scroll of enchant armour for 97 gold pieces
 93984 | Orc:2    | Bought a scroll of summoning for 123 gold pieces
 94159 | D:4      | Bought a potion of ambrosia for 112 gold pieces
 94159 | D:4      | Bought a potion of ambrosia for 112 gold pieces
 95109 | Tomb:1   | Entered Level 1 of the Tomb of the Ancients
 95309 | Tomb:1   | Received a gift from Trog
 95398 | Tomb:1   | Noticed a greater mummy
 95410 | Tomb:1   | Killed a greater mummy
 95430 | Tomb:1   | Received a gift from Trog
 96165 | Tomb:1   | Received a gift from Trog
 96344 | Tomb:1   | Received a gift from Trog
 96345 | Tomb:1   | Noticed a greater mummy
 96353 | Tomb:1   | Killed a greater mummy
 97285 | Tomb:2   | Noticed a greater mummy
 97299 | Tomb:2   | Killed a greater mummy
 97303 | Tomb:2   | Noticed a greater mummy
 97307 | Tomb:2   | Killed a greater mummy
 97313 | Tomb:2   | Received a gift from Trog
 97319 | Tomb:2   | Noticed a greater mummy
 97323 | Tomb:2   | Noticed a greater mummy
 97323 | Tomb:2   | Noticed a greater mummy
 97350 | Tomb:2   | Received a gift from Trog
 97670 | Tomb:3   | Entered Level 3 of the Tomb of the Ancients
 97688 | Tomb:3   | Noticed a greater mummy
 97689 | Tomb:3   | Noticed an ancient lich
 97700 | Tomb:3   | Noticed a greater mummy
 97700 | Tomb:3   | Noticed a greater mummy
 97701 | Tomb:3   | HP: 5/264 [mummy priest/divine providence (10)]
 97703 | Tomb:3   | Noticed a greater mummy
 97708 | Tomb:3   | HP: 13/268 [poisoned by an ushabti (dark miasma)]
 97715 | Tomb:3   | Noticed a greater mummy
 97716 | Tomb:3   | Noticed a greater mummy
 97716 | Tomb:3   | Noticed a greater mummy
 97718 | Tomb:3   | HP: 11/269 [greater mummy/divine providence (9)]
 97726 | Tomb:3   | HP: 10/269 [greater mummy/divine providence (10)]
 97727 | Tomb:3   | HP: 2/269 [ushabti] (8)]
 97727 | Tomb:3   | Killed from afar by a greater mummy

Levels and vault maps discovered:
D:1:      moated_graveyard_arrival, layout_basic, minmay_pentomino_v2
D:2:      layout_loops_cross
D:3:      layout_loops_corners, kennysheep_slug_shrine
D:4:      layout_loops_ring, serial_shops, shop, shop,
          nicolae_shop_window_shopping, shop, first_ration, hex_medium,
          uniq_menkaure
D:5:      layout_cave_pools, minmay_temple_entry_grid,
          biasface_ghost_orc_armoury, portal_sewer_entry_b,
          chequers_serial_rivers_micro_b
D:6:      layout_basic
D:7:      layout_gridville, lemuel_round_altar, serial_shops, shop_statue, shop,
          nicolae_shop_behind_doors
D:8:      layout_loops_cross, grunt_livestock
D:9:      layout_loops_corners, orc_0_dummy, chequers_serial_rivers_micro_c
D:10:     minmay_chopped_fan, layout_rooms, lair_entry_dummy, basic_altar
D:11:     layout_loops_ring, uniq_harold
D:12:     layout_basic
D:13:     layout_stronghold, serial_shops, shop
D:14:     layout_roguey, david_vaults_1, hangedman_abyss_or_decor_clamps
D:15:     gammafunk_enter_depths_forms, layout_layer_cave,
          evilmike_ruin_ashenzari, lemuel_tele_altar
Lair:1:   layout_hall_layers, grunt_megastairs_2
Lair:2:   layout_gridlike, palyth_hydra_swamp_entry
Lair:3:   layout_small_grid, guppyfry_snake_entry_island, grunt_megastairs_4
Lair:4:   layout_cave_pods, roderic_batcave, cheibrodos_lair_lostbears,
          uniq_kirke
Lair:5:   layout_roguey, basic_altar, minmay_lair_oklob_chamber,
          grunt_megastairs_5
Lair:6:   minmay_lair_end_enchanted_forest, layout_gridlike,
          minmay_slime_entry_jelly_boxes
Swamp:1:  layout_basic_swamp, evilmike_swamp_ruin_house_5
Swamp:2:  layout_basic_swamp, nicolae_swamp_triple_paths, swamp_pool1
Swamp:3:  cheibrodos_swamp_monstrosity, layout_falls_marsh, serial_swamp_ruin,
          evilmike_swamp_ruin_rubble_1, evilmike_swamp_ruin_house_6,
          infiniplex_staircase_pool
Swamp:4:  swamp_old_school, layout_basic_swamp, portal_ice_cave_entry_pillars_1,
          swamp_pool1, nicolae_swamp_very_dense_foliage,
          infiniplex_staircase_pool_2
Snake:1:  layout_rooms, uniq_asterion, uniq_roxanne
Snake:2:  layout_onion_interference
Snake:3:  layout_cave_pods, gammafunk_ghost_necromancy, grunt_ministairs_11
Snake:4:  snake_pit, layout_misc_corridors, minmay_shoptagon, lemuel_fruit_tree,
          uniq_vashnia
Slime:1:  cheibrodos_slime_lost_civilization_3, layout_caves,
          nicolae_slime_phagocytosis
Slime:2:  layout_caves
Slime:3:  layout_caves
Slime:4:  layout_caves
Slime:5
Orc:1:    layout_diamond_mine
Orc:2:    grunt_orc_gardens, layout_caves, grunt_orc_garden, grunt_orc_garden,
          grunt_orc_garden, grunt_orc_garden, sword_in_stone
Elf:1:    minmay_elf_arrival_circle, layout_geoelf_grid,
          hangedman_elven_crosses_minicolossus
Elf:2:    layout_geoelf_grid, minivault_16
Elf:3:    grunt_elf_hall_diamonds, layout_onion_city, serial_shops,
          nicolae_shop_trees
Vaults:1: nicolae_vaults_yaktaur_gun_rack, nicolae_vaults_angled_halls,
          hangedman_vaults_nails, v_misc_1, v_misc_13, dpeg_vaults_monster_row,
          v_misc_17, nicolae_vaults_little_ls, nicolae_vaults_network_periphery,
          v_misc_27, ontoclasm_vaults_pinch, nicolae_vaults_little_squares_3,
          layout_vaults_omnicross, enter_trove_1
Vaults:2: nicolae_vaults_ninety_degrees, ontoclasm_vaults_eye,
          minmay_crypt_entry_simple_sparse, grunt_vaults_twisty,
          nicolae_vaults_hallways_thing, nicolae_vaults_rhombus_6,
          nicolae_vaults_border_crossing, layout_vaults_omnigrid, serial_shops,
          shop
Vaults:3: v_pattern_2, v_misc_28, nicolae_vaults_mini_display_case,
          vaults_mumra_hexcomb, vaults_room_hangedman_quadrants,
          v_alt_pattern_3, grunt_vaults_hallway_short, nicolae_vaults_arrows,
          ontoclasm_vaults_loading_screen, ontoclasm_vaults_claustrophobia,
          ontoclasm_vaults_decontamination, nicolae_vaults_diagonal_hallway_7,
          layout_vaults_omnibox, serial_shops, shop, shop
Vaults:4: gammafunk_vaults_ghost_fury_of_okawaru, ontoclasm_vaults_hangar,
          vaults_dpeg_diagonal, v_misc_4, vaults_room_pools, v_misc_15,
          nicolae_vaults_circle_grid_a, layout_vaults_big_room, serial_shops,
          shop, uniq_aizul
Vaults:5: uniq_mara
Crypt:1:  layout_chaotic_city, ebering_ghost_inner_flame, basic_altar,
          grunt_megastairs_1, uniq_saint_roka
Crypt:2:  minmay_guarded_unrand_majin_bo, layout_regular_city,
          infiniplex_enter_wizlab_spiral, uniq_margery, uniq_boris
Crypt:3:  church_of_pain_bobbens, layout_chaotic_city,
          nicolae_tomb_entry_rubble_hallway
Tomb:1
Tomb:2
Tomb:3
Depths:1: layout_roguey, hell_entry, serial_sigils_hangedman_scratch,
          corexii_leaking_fountain, kennysheep_two_boxes
Depths:2: minmay_the_grid_octo_tiled_octocenter [minmay_the_grid_octo_checkered,
          minmay_the_grid_octo_concentric, minmay_the_grid_octo_fat_diamond,
          minmay_the_grid_octo_thin_diamonds,
          minmay_the_grid_octo_prize_ultimate_mussel_roller,
          minmay_the_grid_square_5x5_six, minmay_the_grid_square_5x5_two,
          minmay_the_grid_square_5x5_v, minmay_the_grid_square_5x5_plus],
          layout_honeycomb, enter_ziggurat_d, hell_entry,
          infiniplex_staircase_zigzag_4, minmay_shop_grove
Depths:3: radiant_caverns_a_rkd, hell_entry, pan_entry
Depths:4: nicolae_whirlpool, layout_cave_pools, abyss_entry,
          hangedman_decor_peaks_small, pf_hell_entry_tar_river,
          minmay_misc_feat_columns, minmay_orc_keep, uniq_mennas
Depths:5: grunt_zot_entry_bicorn, layout_cave_pools, pan_entry,
          patterned_corridor, grunt_metal_band
Hell
Dis:1:    layout_subdivisions, evilmike_ambush [evilmike_ambush_outer_corners,
          evilmike_ambush_inner_basic]
Dis:2:    layout_gridville
Dis:3:    layout_subdivisions
Dis:4:    layout_overlapping_boxes
Dis:5:    layout_regular_city, grunt_dis_stairs_iron_hall
Dis:6:    layout_subdivisions
Dis:7:    iron_city_of_dis [dis_grunt, dis_wall_3], layout_chaotic_city
Geh:1:    layout_gehenna_lava_caves
Geh:2:    layout_gehenna_lava_caves
Geh:3:    layout_gehenna_pools_box
Geh:4:    layout_gehenna_lava_caves
Geh:5:    layout_gehenna_lava_caves
Geh:6:    layout_gehenna_pools_triple
Geh:7:    geh_mu
Coc:1:    layout_ice_bergs
Coc:2:    layout_cocytus_water_paths
Coc:3:    layout_cocytus_water_paths
Coc:4:    layout_cocytus_water_paths
Coc:5:    layout_cocytus_water_paths
Coc:6:    layout_ice_bergs
Coc:7:    coc_grunt
Tar:1:    layout_grid_maze
Tar:2:    layout_cathedral_of_symmetry
Tar:3:    layout_catacombs
Tar:4:    layout_grid_maze, nicolae_tar_cuneiform_bird
Tar:5:    layout_cathedral_of_symmetry, nicolae_tar_cuneiform_two,
          nicolae_tar_cuneiform_bread
Tar:6:    layout_cathedral_of_symmetry
Tar:7:    tar_grunt_cathedral
Zot:1:    grunt_twist_and_shout, layout_concentric_octagons
Zot:2:    kennysheep_ambush_hall, layout_misc_corridors
Zot:3:    grunt_deathspiral_small, layout_cathedral_of_symmetry,
          st_large_dragon_hoard_2
Zot:4:    layout_misc_corridors
Zot:5:    layout_gridville

Skill      XL: |  1  2  3  4  5  6  7  8  9 10 11 12 13 14 15 16 17 18 19 20 21 22 23 24 25 26 27 |
---------------+----------------------------------------------------------------------------------+-----
Axes           | 4 5 6 7 8 9 11 13 14 15 16 17 18 19 20 21 22 23 24 25 26 | 26.2
Fighting       | 4 5 6 8 9 10 11 12 13 14 15 16 17 18 19 20 21 26 | 26.0
Throwing       | 1 3 4 6 7 8 9 10 11 12 13 14 15 16 17 18 19 24 | 24.0
Armour         | 3 4 6 7 9 10 11 12 13 14 15 16 17 18 19 20 21 26 | 26.0
Evocations     | 1 3 4 5 6 7 8 9 10 11 12 13 14 15 16 17 21 | 21.3
Dodging        | 4 5 7 8 9 10 11 12 13 14 15 16 17 18 19 24 | 24.6
Stealth        | 4 6 7 9 10 12 18 | 18.3
Staves         | 4 8 25 | 25.6

Action                   |  1- 3 |  4- 6 |  7- 9 | 10-12 | 13-15 | 16-18 | 19-21 | 22-24 | 25-27 || total
-------------------------+-------+-------+-------+-------+-------+-------+-------+-------+-------++-------
Melee: Hand axe          |    79 |    91 |       |       |       |       |       |       |       ||   170
       Headbutt          |    11 |    23 |    45 |   145 |   433 |   468 |   514 |   620 |  2149 ||  4408
       War axe           |       |    27 |   303 |   148 |       |       |       |       |       ||   478
       Battleaxe         |       |       |       |   327 |       |       |       |   815 |  2201 ||  3343
       Broad axe         |       |       |       |   184 |  1807 |  1495 |  1265 |    19 |       ||  4770
       Executioner's axe |       |       |       |       |       |       |   142 |   682 |  1407 ||  2231
       Lajatang          |       |       |       |       |       |       |       |       |  2127 ||  2127
Throw: Boomerang         |       |       |       |     6 |    16 |   112 |    11 |    59 |   194 ||   398
       Dart              |       |       |       |     1 |     6 |       |       |       |    24 ||    31
       Javelin           |       |       |       |       |       |     5 |     1 |    30 |   154 ||   190
Invok: Berserk           |       |     4 |     5 |    18 |    25 |    16 |     5 |     5 |    16 ||    94
       Trog's Hand       |       |     1 |     2 |     4 |     7 |     5 |    14 |     5 |    39 ||    77
       Brothers in Arms  |       |       |       |     2 |     4 |     8 |       |     4 |     5 ||    23
Evoke: Wand              |       |       |       |     9 |     4 |    37 |     4 |       |    10 ||    64
       Lamp of fire      |       |       |       |       |       |     2 |       |     1 |       ||     3
       Lightning rod     |       |       |       |       |       |     1 |       |     3 |       ||     4
  Use: Scroll            |       |       |       |       |       |    22 |    26 |    19 |    92 ||   159
       Potion            |       |       |       |       |       |       |     1 |     4 |    58 ||    63
 Stab: Sleeping          |     2 |       |       |       |       |     1 |       |       |     1 ||     4
       Petrified         |       |       |       |    11 |    10 |       |       |       |       ||    21
       Paralysed         |       |       |       |       |     4 |    12 |       |       |     2 ||    18
       Confused          |       |       |       |       |     3 |       |       |       |       ||     3
       Invisible         |       |       |       |       |       |       |     2 |       |    20 ||    22
       Distracted        |       |       |       |       |       |       |       |     1 |    14 ||    15
       Petrifying        |       |       |       |       |       |       |       |       |     2 ||     2
  Eat: Chunk             |     2 |    11 |    12 |    28 |    63 |    21 |    37 |    11 |    13 ||   198
       Ration            |       |       |     1 |     6 |     1 |    14 |     3 |    10 |    40 ||    75
Armor: Animal skin       |    13 |    14 |       |       |       |       |       |       |       ||    27
       Scale mail        |       |     9 |   123 |    52 |       |       |       |       |       ||   184
       Chain mail        |       |       |       |   185 |   277 |       |       |       |       ||   462
       Plate armour      |       |       |       |       |   530 |   334 |   433 |     6 |       ||  1303
       Swamp dragon scal |       |       |       |       |       |   214 |    63 |       |       ||   277
       Storm dragon scal |       |       |       |       |       |       |       |   518 |   540 ||  1058
       Gold dragon scale |       |       |       |       |       |       |       |       |  2213 ||  2213
Dodge: Dodged            |    55 |    62 |   150 |   351 |  1087 |  1080 |   937 |  1153 |  5684 || 10559
